 Dungeon Crawl Stone Soup version 0.30-b1-2-g02819fbbbe (webtiles) character file.

Game seed: 14556615658904256038

847 snakesoul the Trooper (level 8, -2/70 HPs)
             Began as a Ghoul Fighter on June 13, 2023.
             Slain by Blork the orc
             ... wielding a +0 long sword
              (4 damage)
             ... on level 6 of the Dungeon.
             The game lasted 00:08:08 (3846 turns).

snakesoul the Trooper (Ghoul Fighter)               Turns: 3846, Time: 00:08:08

Health: -2/70      AC: 12    Str: 22    XL:     8   Next: 0%
Magic:  7/7        EV:  8    Int:  3    God:
Gold:   261        SH:  4    Dex:  8    Spells: 7/7 levels left

rFire   . .          .
                       - Unarmed
rCold   + . .        b - +0 buckler
rNeg    + + +        l - +0 chain mail
rPois   ∞            a - +0 helmet
rElec   .            m - +0 cloak
rCorr   .            (no gloves)
SInv    .            (no boots)
Will    .....        p - amulet of regeneration Stlth
                     (no ring)
HPRegen 0.00/turn    (no ring)
MPRegen 0.10/turn

%: no passive effects
@: mighty, inhibited regen
A: claws 1, cold resistance 1, negative energy resistance 3, inhibited
regeneration, torment resistance 2, devour on kill
a: no special abilities


You were on level 6 of the Dungeon.
You visited 1 branch of the dungeon, and saw 6 of its levels.

You collected 261 gold pieces.

Inventory:

Missiles
 v - 4 boomerangs (quivered)
Armour
 a - a +0 helmet (worn)
 b - a +0 buckler (worn)
 l - a +0 chain mail (worn)
 m - a +0 cloak (worn)
Jewellery
 h - a ring of fire
 p - an amulet of regeneration (around neck)
Wands
 w - a wand of mindburst (8)
Scrolls
 d - a scroll of blinking {unknown}
 j - 4 scrolls of identify {unknown}
 n - a scroll of fear {unknown}
 o - 3 scrolls of teleportation {unknown}
 r - a scroll of immolation {unknown}
 s - a scroll of magic mapping {unknown}
 t - a scroll of amnesia {unknown}
 u - a scroll of enchant armour {unknown}
 x - a scroll of noise {unknown}
Potions
 e - a potion of haste {unknown}
 f - 2 potions of brilliance {unknown}
 g - 2 potions of flight {unknown}
 i - 2 potions of experience {unknown}
 k - 3 potions of curing {unknown}
 q - 2 potions of mutation {unknown}


   Skills:
 + Level 5.7 Fighting
 + Level 0.4 Throwing
 + Level 4.7 Armour
 + Level 4.7 Shields
 + Level 5.2 Unarmed Combat


You had 7 spell levels left.
You didn't know any spells.
Your spell library contained the following spells:

 Spells                   Type           Power      Damage    Failure   Level
 Apportation              Tloc           0%         N/A       99%         1
 Foxfire                  Conj/Fire      0%         2x1d4     99%         1
 Necrotise                Necr           0%         1d4       99%         1
 Summon Small Mammal      Summ           0%         N/A       99%         1
 Call Canine Familiar     Summ           0%         N/A       100%        3
 Summon Guardian Golem    Hex/Summ       0%         N/A       100%        3
 Fireball                 Conj/Fire      0%         3d3       100%        5
 Plasma Beam              Fire/Air       0%         2x1d11    100%        6
 Starburst                Conj/Fire      0%         6d3       100%        6


Dungeon Overview and Level Annotations

Branches:
Dungeon (6/15)
 Temple: D:4-7

Altars:
Dithmenos

Shops:
D:2 :

Annotations:
D:6 Blork the orc


Innate Abilities, Weirdness & Mutations

You are immune to poison.
You have sharp fingernails.
Your flesh is cold resistant. (rC+)
You are immune to negative energy. (rN+++)
You do not regenerate when monsters are visible.
You are immune to unholy pain and torment.
You thrive by killing the living.


Message History

You block Blork the orc's attack.
Blork the orc hits you with a +0 long sword!
You claw Blork the orc!
Blork the orc is heavily wounded.
Blork the orc hits you but does no damage.
You claw Blork the orc!
Blork the orc is almost dead.
Blork the orc barely misses you.
Blork the orc gestures at you while chanting.
The puff of frost hits you. You resist.
You scratch Blork the orc but do no damage.
Blork the orc is almost dead.
Blork the orc hits you with a +0 long sword.
You closely miss Blork the orc.
Blork the orc is almost dead.
Blork the orc gestures at you while chanting.
The puff of frost hits you. You resist.
Blork the orc hits you with a +0 long sword.
* * * LOW HITPOINT WARNING * * *
You barely miss Blork the orc.
Blork the orc is almost dead.
Blork the orc hits you with a +0 long sword!
* * * LOW HITPOINT WARNING * * *
You closely miss Blork the orc.
Blork the orc is almost dead.
Blork the orc points at you and mumbles some strange words.
The puff of frost hits you but does no damage.
You resist.
Blork the orc hits you with a +0 long sword.
* * * LOW HITPOINT WARNING * * *
You scratch Blork the orc.
Blork the orc is almost dead.
Blork the orc hits you with a +0 long sword!
* * * LOW HITPOINT WARNING * * *
You feel very mighty all of a sudden.
Blork the orc hits you but does no damage.
You barely miss Blork the orc.
Blork the orc is almost dead.
Blork the orc hits you with a +0 long sword.
You die...

...# ......# #.##..#
#.##..# #.##..# ##
#.##..# .. #.##o.#
#.##.##@.# #........#
####.###.# ##.## .#
##########.#.##(#
#...............#
##.####.##.....###
##...###............#
#.#.#.##..#.....#####


You could see Blork the orc (fast).

Vanquished Creatures
  An ice beast (D:5)
  A black bear (D:5)
  2 centaurs
  2 scorpions
  A jelly (D:6)
  An orc priest (D:5)
  Jessica (D:2)
  3 iguanas
  A sleepcap (D:4)
  2 orc wizards
  Robin (D:3)
  3 adders
  An ufetubus (D:5)
  4 dart slugs
  8 orcs
  6 ball pythons
  6 endoplasms
  A giant cockroach (D:1)
  16 goblins
  14 hobgoblins
  9 jackals
  4 kobolds
  3 quokkas
  7 bats
  3 frilled lizards
  6 rats
107 creatures vanquished.

Notes
Turn   | Place    | Note
-------+----------+-------------------------------------------
     0 | D:1      | snakesoul the Ghoul Fighter began the quest for the Orb.
     0 | D:1      | Reached XP level 1. HP: 19/19 MP: 0/0
   141 | D:1      | Reached XP level 2. HP: 26/26 MP: 1/1
   142 | D:1      | Found a faded altar of an unknown god.
   720 | D:2      | Reached XP level 3. HP: 31/31 MP: 2/2
   753 | D:2      | Found Xofuwead's Book Shop.
  1166 | D:2      | Noticed Jessica
  1173 | D:2      | Killed Jessica
  1174 | D:2      | Reached XP level 4. HP: 37/40 MP: 3/3
  1237 | D:2      | You fall into a shaft and drop 1 floor!
  1476 | D:3      | Noticed Robin
  1493 | D:3      | Killed Robin
  1494 | D:3      | Reached XP level 5. HP: 46/46 MP: 4/4
  2255 | D:3      | Noticed a centaur
  2266 | D:3      | Killed a centaur
  2441 | D:4      | Found a shadowy altar of Dithmenos.
  2509 | D:4      | Reached XP level 6. HP: 53/53 MP: 5/5
  2993 | D:5      | Entered Level 5 of the Dungeon
  3288 | D:5      | Reached skill level 5 in Fighting
  3314 | D:5      | Reached XP level 7. HP: 53/61 MP: 6/6
  3594 | D:5      | Reached skill level 5 in Unarmed Combat
  3801 | D:6      | Reached XP level 8. HP: 63/70 MP: 7/7
  3828 | D:6      | Noticed Blork the orc
  3844 | D:6      | HP: 2/70 [Blork the orc/+0 long sword (10)]
  3846 | D:6      | Slain by Blork the orc

Illustrated notes

Levels and vault maps discovered:
D:1:      dpeg_arrival_round_b, layout_basic,
          chequers_ecumenical_altar_simple_redux
D:2:      layout_basic, serial_shops, nicolae_shop_statue_plus,
          minmay_heptomino_w4, uniq_jessica
D:3:      layout_basic, uniq_robin
D:4:      layout_cave_pools, nicolae_dithmenos_the_darkroom, minmay_ruptured
D:5:      layout_loops_ring
D:6:      layout_loops_ring, minmay_temple_entry_hall, serial_shops,
          kennysheep_mini, uniq_blork_the_orc

Skill      XL: |  1  2  3  4  5  6  7 |
---------------+----------------------+-----
Armour         | 3 4 |  4.7
Shields        | 3 4 |  4.7
Unarmed Combat | 3 4 5 |  5.2
Fighting       | 4 5 |  5.7
Throwing       | |  0.4

Action                     |  1- 3 |  4- 6 |  7- 9 || total
---------------------------+-------+-------+-------++-------
  Melee: Unarmed           |    94 |   211 |   104 ||   409
    Use: Potion            |       |       |     1 ||     1
 Armour: Scale mail        |    34 |    21 |       ||    55
         Chain mail        |       |    94 |    52 ||   146
  Dodge: Dodged            |    35 |    94 |    31 ||   160
  Block: Buckler           |    17 |    38 |    19 ||    74
